[Event "Satranc Arena IM Series-1 2024"]
[Site "Izmir"]
[Date "2024.03.18"]
[Round "1.1"]
[White "David, Alexandru-Vasile"]
[Black "Aydin, Gulenay"]
[Result "1-0"]
[ECO "D43"]
[WhiteElo "2360"]
[BlackElo "2152"]
[Annotator "TA"]
[PlyCount "75"]
[EventDate "2024.03.18"]
[EventCountry "TUR"]
[SourceTitle "playchess.com"]
[Source "ChessBase"]
[SourceQuality "1"]
[TimeControl "5400+30"]

1. d4 d5 2. c4 e6 3. Nc3 c6 4. Nf3 Nf6 5. Bg5 h6 6. Bh4 dxc4 7. e4 g5 8. Bg3 b5 9. Be2 Bg7 {[%emt 0:00:08] D43: Semi-Slav: 5 Bg5 h6.} 10. h4 g4 11. Ne5 O-O 12. a3 Bb7 $146 ({Predecessor:} 12... h5 13. f3 Nbd7 14. fxg4 hxg4 15. Nxg4 Nxg4 16. Bxg4 Nf6 17. Be5 a5 18. Qf3 Bb7 {1-0 Pudovkin,D (2317)-Kuznetsov,A (2054) Golubitskaya Rating 2008}) 13. Qc2 h5 14. Rd1 Nfd7 15. O-O Bf6 16. f3 Bxh4 17. Bxh4 Qxh4 18. fxg4 c5 $2 (18... Nxe5 $11 19. dxe5 Bc8 (19... hxg4 $2 20. Rf4 $18)) 19. Nxb5 $16 (19. gxh5 cxd4 20. Nxd7 d3 21. Bxd3 Nxd7 $16) 19... Nxe5 20. dxe5 Nc6 21. Nd6 (21. Bxc4 Nxe5 22. Be2 (22. Nd6 $2 Nxg4 23. g3 Qxg3+ 24. Qg2 Qxg2+ 25. Kxg2 Ne3+ 26. Kh3 Nxd1 $19) 22... hxg4 $17 (22... Nxg4 23. Bxg4 hxg4 24. Rf4 $17)) (21. Qxc4 hxg4 22. Rf4 (22. Qxc5 $2 g3 $19) 22... Nxe5 23. Qxc5 Qh8 $16 (23... Qg5 $2 24. Rxg4 Qxg4 25. Bxg4 $18)) (21. gxh5 Nxe5 22. Nd6 (22. Bxc4 $2 Bxe4 23. Qc3 Ng4 $19) 22... Bc6 $14) 21... Rab8 {[%emt 0:00:22] [#]} (21... hxg4 $16 {was necessary.} 22. Rf4 (22. Nxb7 $2 g3 23. Rf3 Qh2+ 24. Kf1 Qh1#) 22... Nxe5) 22. gxh5 (22. Bxc4 Nxe5 23. Nxf7 Rxf7 $11 (23... Nxg4 $2 24. Nh6+ Nxh6 25. Bxe6+ Nf7 26. Bxf7+ Rxf7 27. Rxf7 $18)) (22. Qc1 $1 $18 {[%cal Of1f5] and the rest is easy. Rf5! would now be deadly.} Nxe5 23. Rf5 hxg4 (23... exf5 $2 24. Nxf5 Qf6 25. Rd6 $18) 24. Rxe5) 22... Nxe5 {[%emt 0:04:12] [#]} (22... Ba6 $142) 23. Qd2 (23. Bxc4 $2 Ng4 24. g3 Qxg3+ 25. Qg2 Qxg2+ 26. Kxg2 Ne3+ 27. Kf2 Nxf1 (27... Nxd1+ 28. Rxd1 Bc6 29. b3 $19) 28. Rxf1 Bc6 $19) ({Better is} 23. Qc1 $1 ) 23... Kh7 $16 24. Rf4 (24. Bxc4 Rbd8 (24... Nxc4 25. Nxc4 Rbd8 26. Nd6 $16) 25. Qe1 Qxe1 26. Rfxe1 Rxd6 27. Rxd6 Nxc4 $15) (24. Nxc4 Qxe4 25. Rf2 Rg8 $14 (25... Nxc4 26. Bxc4 Qxc4 27. Qg5 $14) (25... Nxc4 26. Bxc4 Qxc4 27. Qg5 $16)) 24... Qg3 (24... Qg5 $16 {might work better.}) 25. Rf6 $1 $18 (25. Bxc4 Rbd8 26. Rdf1 f5 27. Bxe6 Bxe4 28. Bxf5+ Rxf5 29. Nxe4 (29. Nxf5 Rxd2 30. Nxg3 Rxg2+ 31. Kh1 Bc6 $17) (29. Rxf5 Rxd6 30. Rg5 Qh4 $11) (29. Rxe4 $2 Rxf1+ 30. Kxf1 Rf8+ 31. Ke2 Rf2+ 32. Kd1 Rxd2+ 33. Kxd2 Qxg2+ 34. Kc3 Qg3+ 35. Kd2 Qd3+ 36. Ke1 Qxd6 $19) 29... Rxd2 30. Nxg3 Rg5 $16) (25. Nxc4 Nxc4 26. Bxc4 Rbd8 $19) 25... Qg7 $2 (25... Rbd8 {keeps fighting.} 26. Qh6+ (26. Bxc4 Nxc4 27. Qh6+ Kg8 $17) 26... Kg8) 26. Qf4 (26. Rdf1 $142) 26... Rg8 $18 27. Bf1 (27. Qxe5 $2 Qxg2#) 27... Qg5 28. Nxf7 (28. Nxc4 Qxf4 29. Rxf4 Nxc4 30. Bxc4 (30. Rxf7+ Kh6 $16) 30... Kh6) 28... Qxf4 29. Rxf4 Nxf7 (29... Rbf8 $2 30. Ng5+ Kh6 31. Rxf8 (31. Nxe6 Rxf4 32. Nxf4 Bxe4 $18) 31... Rxf8 32. Nxe6 $18) 30. Rxf7+ Kh8 $2 (30... Rg7 31. Rf4 e5) 31. Rd6 $18 ({Much less strong is} 31. Bxc4 Bxe4 32. Rd2 (32. Rxa7 $2 Rxg2+ 33. Kf1 Rf8+ 34. Ke1 Rg1+ 35. Kd2 Rd8+ 36. Ke3 Rgxd1 $19) 32... Bd5 $18) 31... Rge8 32. Bxc4 Bxe4 33. b3 (33. Rxa7 Rxb2 34. Rxe6 (34. Bxe6 Rxg2+ 35. Kf1 Rb8 $11) 34... Rxg2+ 35. Kf1 Rxe6 36. Bxe6 Rc2 $11) 33... Bd5 $2 (33... Rb6 34. Rd2 (34. Rdd7 Rg8 $18) 34... Ra8) 34. Rdd7 $18 Be4 35. Rxa7 Rg8 36. Rf6 ({Not} 36. Bxe6 Rxg2+ 37. Kf1 Rh2 $18) 36... Rxg2+ 37. Kf1 Bd5 $2 (37... Rg7 $18) 38. Bxd5 1-0

[Event "Satranc Arena IM Series-1 2024"]
[Site "Izmir"]
[Date "2024.03.18"]
[Round "1.2"]
[White "Kuru, Atilla"]
[Black "Yermolinsky, Alex"]
[Result "1/2-1/2"]
[ECO "B17"]
[WhiteElo "2246"]
[BlackElo "2421"]
[Annotator "TA"]
[PlyCount "82"]
[EventDate "2024.03.18"]
[EventCountry "TUR"]
[SourceTitle "playchess.com"]
[Source "ChessBase"]
[SourceQuality "1"]
[TimeControl "5400+30"]

1. e4 c6 2. d4 d5 3. Nc3 dxe4 4. Nxe4 Nd7 5. Nf3 Ngf6 6. Nxf6+ Nxf6 7. c3 Bg4 8. h3 Bxf3 9. Qxf3 e6 10. Bf4 Bd6 11. Bxd6 Qxd6 12. Bd3 O-O 13. O-O Rfd8 14. Rad1 Qd5 15. Qxd5 cxd5 16. a4 Ne8 17. a5 Nd6 18. Ra1 Rac8 19. Ra4 Rc7 20. Rb4 g6 21. Re1 Kg7 22. f3 h5 23. Kf2 (23. h4 $11) 23... h4 $1 $15 24. Rc1 Rdc8 25. Ke3 Kf6 26. Kd2 Rh8 27. b3 Rh5 28. a6 (28. Ke3 $11) 28... Rg5 $17 29. Bf1 bxa6 (29... b5 $15 30. Ke3 Rc6) 30. Ke3 (30. Ra4 $11) 30... a5 31. Ra4 Rb7 32. Ra3 (32. Rb1 $15) 32... Nf5+ 33. Kd2 Ng3 {[%emt 0:00:24] [#] Hoping for ...Nxf1+.} 34. Bd3 (34. Ke1 $17 {might work better.}) 34... Nh5 $36 {[%emt 0:00:08][%mdl 2048] Keeping White busy.} 35. Bf1 Nf4 36. Rb1 $2 (36. c4 {keeps fighting.}) 36... Nxg2 37. Rxa5 Nf4 (37... Rg3 $142 {Strongly threatening ...Nf4.} 38. b4 Nf4) 38. Ke3 Ng2+ {[%emt 0:06:08] [#]} (38... Nh5 $19 {...Rg3 would now be deadly.} 39. b4 Rc7) 39. Kf2 $2 (39. Kd2 $11 {and White is okay.} Rg3 40. b4) 39... Nf4 40. Ke3 Ng2+ (40... Nh5 $19 {White must now prevent ...Rg3.} 41. b4 Rc7) 41. Kf2 Nf4 {[%emt 0:07:03] Weighted Error Value: White=0.24 (precise) /Black=0.32.  Loses game:     	White=1     	---        Missed win:     	---       	Black=2      Mistake:       	White=6     	Black=2      Inaccurate:     	White=2     	Black=2      OK:         	White=4     	Black=8      Best:        	White=4     	Black=4      Strong:       	---       	Black=1} 1/2-1/2

[Event "Satranc Arena IM Series-1 2024"]
[Site "Izmir"]
[Date "2024.03.18"]
[Round "1.3"]
[White "Yalcinkaya, Efe"]
[Black "Ozsakallioglu, Okan"]
[Result "0-1"]
[ECO "B22"]
[WhiteElo "2085"]
[BlackElo "2365"]
[Annotator "TA"]
[PlyCount "56"]
[EventDate "2024.03.18"]
[EventCountry "TUR"]
[SourceTitle "playchess.com"]
[Source "ChessBase"]
[SourceQuality "1"]
[TimeControl "5400+30"]

1. e4 c5 2. c3 Nf6 3. e5 Nd5 4. Nf3 Nc6 5. Bc4 Nb6 6. Bb3 c4 7. Bc2 d5 8. exd6 Qxd6 9. O-O g6 10. b3 Bg7 11. Na3 cxb3 12. axb3 O-O 13. d4 Bg4 14. Be3 (14. Nc4 $11 Qd5 15. Ne3 Bxf3 16. Qxf3 Qxf3 17. gxf3) 14... Qd5 $15 {[%emt 0:07:22] Black is slightly better.} 15. Qe2 {[%emt 0:13:37] [#]} (15. c4 $11 {keeps the balance.} Bxf3 16. gxf3) 15... Bxf3 (15... e5 $1 $17 {[%cal Re5e4] Hoping for ...e4.} 16. c4 (16. dxe5 $2 Nxe5 17. Bd1 Nxf3+ 18. gxf3 Bh3 $19) 16... Bxf3 17. gxf3 Nxd4 18. Bxd4 Qxd4) 16. gxf3 Qh5 {[%emt 0:00:12] ...Nd5 is the strong threat. Black is more active.} 17. Be4 Rac8 18. Nc4 Nd5 19. Bd2 Rfd8 {[%emt 0:13:14] ...e5 would now be deadly.} 20. Kh1 $2 {[%emt 0:06:06] Now White is beyond hope.} ({Better is} 20. Rfe1 $1 $15) 20... b5 21. Na5 Nxa5 22. Bxd5 Rxd5 (22... Qxd5 23. Rxa5 Qxb3 24. Rxb5 $11) 23. Rxa5 {[%emt 0:00:05][%cal Of1g1] [#]} e5 $1 24. Qe4 exd4 25. c4 Qh3 $40 {[%emt 0:01:06][%mdl 128] Black is out for blood.} (25... bxc4 $2 26. Qxd5 (26. Rxd5 Qh3 $18) 26... Qxd5 27. Rxd5 $18) 26. Re1 (26. Rg1 Rh5 (26... bxc4 $2 27. Qxd5 c3 28. Rxa7 $18) 27. Rg2) 26... Re5 (26... bxc4 $2 {is the wrong capture.} 27. Qxd5 $18 (27. Rxd5 c3 $18) (27. Rxd5 c3 $18)) 27. Qd3 (27. Qg4 $19 Rxe1+ 28. Bxe1 Qf1+ 29. Qg1) 27... Rxe1+ 28. Bxe1 Be5 {[%emt 0:00:03] Weighted Error Value: White=1.02/Black=0.39.  Loses game:     	White=1     	---        Mistake:       	White=4     	Black=1      Inaccurate:     	White=1     	Black=2      OK:         	White=5     	Black=6      Best:        	White=1     	Black=2      Strong:       	---       	Black=1} 0-1

[Event "Satranc Arena IM Series-1 2024"]
[Site "Izmir"]
[Date "2024.03.18"]
[Round "1.4"]
[White "Gunduz, Umut Erdem"]
[Black "Baltag, Iulian"]
[Result "0-1"]
[ECO "C10"]
[WhiteElo "2314"]
[BlackElo "2412"]
[Annotator "TA"]
[PlyCount "127"]
[EventDate "2024.03.18"]
[EventCountry "TUR"]
[SourceTitle "playchess.com"]
[Source "ChessBase"]
[SourceQuality "1"]
[TimeControl "5400+30"]

1. e4 e6 2. d4 d5 3. Nc3 dxe4 4. Nxe4 Nd7 5. Nf3 Ngf6 6. Nxf6+ Nxf6 7. Be3 {[%emt 0:00:02] 7.c3 is a critical line.} Nd5 {[%emt 0:00:48] C10: French with 3 Nc3: Unusual Black 3rd moves and 3...dxe4.} 8. Bd2 c5 9. Bb5+ Bd7 10. Bxd7+ Qxd7 11. Ne5 $146 ({Predecessor:} 11. c4 Nf6 12. Ne5 Qc7 13. Qa4+ Nd7 14. Ba5 Qc8 15. O-O-O f6 16. d5 Ke7 17. Nxd7 Qxd7 18. Qxd7+ Kxd7 19. dxe6+ Kxe6 {1-0 So,W (2770)-Harikrishna,P (2719) PRO League KO Stage rapid 2020 (2)}) 11... Qc7 12. c4 Nb6 13. O-O cxd4 14. Bf4 Bd6 15. Qxd4 f6 16. Nd3 e5 $1 (16... Nxc4 17. Rfc1 e5 18. Rxc4 $16 (18. Qxc4 Qxc4 19. Rxc4 exf4 $11)) 17. Qe3 Nxc4 18. Qe4 Qc6 19. Qe2 Nb6 20. Bxe5 (20. Rfc1 $142 Qd7 21. Nc5 Bxc5 22. Rxc5) 20... fxe5 $17 (20... Bxe5 $6 21. f4 $11) 21. Nxe5 Bxe5 22. Qxe5+ Kf8 ({Black should play} 22... Kf7 {Hoping for ...Rhe8.} 23. Rac1 Rhe8 24. Qf5+ Qf6 25. Qxh7 Rac8 (25... Qxb2 26. Rc7+ Re7 27. Qh5+ Kf8 28. Qh8+ Kf7 29. Qh5+ Kf8 30. Qh8+ Kf7 31. Qh5+ $11) 26. Rxc8 Rxc8 (26... Nxc8 27. Qh5+ Qg6 28. Qf3+ Kg8 29. Qxb7 $17)) 23. Rac1 $17 Re8 (23... Qf6 $15 24. Qb5 Kg8) 24. Qa5 $11 Qa4 25. Qf5+ $1 Kg8 26. Rc7 Qxa2 27. Rxb7 (27. Qg4 $11 Qxb2 28. Qf3) 27... Qd5 $1 $17 ({Worse is} 27... Qxb2 28. Qf7#) 28. Qxd5+ Nxd5 29. Rxa7 h5 30. Rd1 Rh6 31. Rd7 Rhe6 32. g3 Nf6 33. Rd8 Re2 34. R1d2 Kf7 35. Kg2 R8e7 36. h3 Re1 37. Rc2 Rb7 38. Rdc8 Ree7 39. R8c4 Rb3 40. Rc7 Rxc7 41. Rxc7+ Kg6 42. Rc2 Nd5 43. Rc6+ Kf5 44. Rd6 Rd3 45. Ra6 Rd2 46. Ra7 g6 ({Much less strong is} 46... Rxb2 47. Rxg7 h4 48. Kg1 $15) 47. Rb7 Ne3+ 48. Kf3 (48. Kg1 $142) 48... Nd1 $19 49. Rb5+ Kf6 50. Rb6+ Kg7 51. Rb7+ Kh6 52. b4 Rxf2+ 53. Ke4 Rb2 54. Kd4 Rb3 55. b5 Rxg3 56. b6 Rxh3 57. Kc4 Rc3+ 58. Kb5 Rb3+ 59. Kc6 Ne3 60. Ra7 Nf5 61. b7 Nd4+ 62. Kd5 Nb5 63. Ra5 Nd6 64. Kd4 0-1

[Event "Satranc Arena IM Series-1 2024"]
[Site "Izmir"]
[Date "2024.03.18"]
[Round "1.5"]
[White "Kazimova, Narmin"]
[Black "Gur, Ali"]
[Result "1-0"]
[ECO "A28"]
[WhiteElo "2147"]
[BlackElo "1848"]
[Annotator "RC"]
[PlyCount "95"]
[EventDate "2024.03.18"]
[EventCountry "TUR"]
[SourceTitle "playchess.com"]
[Source "ChessBase"]
[SourceQuality "1"]
[TimeControl "5400+30"]

1. c4 Nf6 2. Nc3 e5 3. e3 Be7 4. Nf3 Nc6 5. d4 exd4 6. Nxd4 Nxd4 7. Qxd4 d6 8. Be2 Be6 9. e4 O-O 10. O-O Nd7 11. Be3 Bf6 12. Qd2 Nc5 13. Bd4 a5 14. f4 Bxd4+ 15. Qxd4 Bd7 16. Rad1 b6 17. Bf3 Bc6 18. e5 Bxf3 19. Rxf3 Re8 20. exd6 cxd6 21. Qxd6 Qh4 22. Qxb6 Rac8 23. Qxa5 Ne6 24. Qe5 f6 25. Qe1 Qh5 26. Qf1 Qc5+ 27. Kh1 Nd4 28. Rfd3 Nc2 29. Nd5 Rb8 30. b3 Qa7 31. R3d2 Na3 32. Re2 Rxe2 33. Qxe2 h6 34. h3 Kh8 35. Ne7 Qb7 36. Ng6+ Kh7 37. Qd3 Re8 38. Ne7+ Kh8 39. Nd5 Qc6 40. Kh2 f5 41. Qxf5 Re2 42. Qf8+ Kh7 43. Qxa3 Qe6 44. Qe7 Rxg2+ 45. Kxg2 Qg6+ 46. Kf1 Qc2 47. Nf6+ Kg6 48. Qe4+ 1-0

[Event "Satranc Arena IM Series-1 2024"]
[Site "Izmir"]
[Date "2024.03.18"]
[Round "2.1"]
[White "Aydin, Gulenay"]
[Black "Gur, Ali"]
[Result "0-1"]
[ECO "B78"]
[WhiteElo "2152"]
[BlackElo "1848"]
[Annotator "RC"]
[PlyCount "76"]
[EventDate "2024.03.18"]
[EventCountry "TUR"]
[SourceTitle "playchess.com"]
[Source "ChessBase"]
[SourceQuality "1"]
[TimeControl "5400+30"]

1. e4 c5 2. Nf3 d6 3. d4 cxd4 4. Nxd4 Nf6 5. Nc3 g6 6. Be3 Bg7 7. f3 O-O 8. Qd2 Nc6 9. Bc4 Bd7 10. O-O-O Ne5 11. Bb3 Rc8 12. h4 Nc4 13. Bxc4 Rxc4 14. h5 a6 15. Nb3 Qc7 16. Bh6 Be6 17. g4 Bxh6 18. Qxh6 Rc8 19. hxg6 fxg6 20. Rd3 Bf7 21. f4 b5 22. g5 Nh5 23. f5 d5 24. Nxd5 Rxc2+ 25. Kb1 Qe5 26. Rd4 R2c4 27. Rxh5 Rxd4 28. Qxh7+ Kf8 29. Qh8+ Bg8 30. Qh6+ Ke8 31. Qxg6+ Kd7 32. Nb6+ Kc7 33. Nxd4 Qxd4 34. Kc1 Qe3+ 35. Kc2 Qxe4+ 36. Kc1 Rd8 37. Rh3 Qe1+ 38. Kc2 Qd2+ 0-1

[Event "Satranc Arena IM Series-1 2024"]
[Site "Izmir"]
[Date "2024.03.18"]
[Round "2.2"]
[White "Baltag, Iulian"]
[Black "Kazimova, Narmin"]
[Result "1-0"]
[ECO "B42"]
[WhiteElo "2412"]
[BlackElo "2147"]
[Annotator "TA"]
[PlyCount "117"]
[EventDate "2024.03.18"]
[EventCountry "TUR"]
[SourceTitle "playchess.com"]
[Source "ChessBase"]
[SourceQuality "1"]
[TimeControl "5400+30"]

1. e4 c5 2. Nf3 e6 3. d4 cxd4 4. Nxd4 a6 5. Bd3 Nc6 6. Nxc6 bxc6 7. c4 Nf6 8. Nc3 e5 9. O-O Bc5 10. Qf3 {[%emt 0:02:18] White is slightly better.} d6 11. Be3 Bxe3 12. Qxe3 O-O 13. Rad1 Rb8 14. c5 (14. b3 $16) 14... Rxb2 $11 15. Bc4 Ng4 16. Qg3 Rb4 {[%emt 0:06:32] Inhibits Na4.} 17. Bb3 Rd4 18. cxd6 Qxd6 19. Rxd4 Qxd4 20. Rd1 Qc5 21. h3 Nf6 (21... Nxf2 $2 22. Qxf2 Qe7 (22... Qxc3 23. Qxf7+ Rxf7 24. Rd8#) 23. Na4 $18) 22. Qd3 Be6 23. Na4 Qb4 24. f3 Bxb3 25. Qxb3 Qxb3 26. axb3 {[%emt 0:00:08][%mdl 4096] Endgame. KRN-KRN} h6 27. Rd6 Rb8 28. Nc5 Rb6 29. Nd3 Rb5 30. Rxc6 Nd7 {[%emt 0:05:15] [#] White stays focused until the end.} (30... Nh5 $14) 31. Rc8+ $1 $16 (31. Rxa6 $6 Rxb3 32. Rd6 Rb7 $11) 31... Kh7 32. Rc7 Nb6 33. b4 f6 34. Ra7 {[%emt 0:00:31] White is more active.} Nc4 35. Rxa6 Nd2 36. Ra3 Rb8 37. Rc3 Ra8 38. Rc2 Nb3 {[%emt 0:00:03] [#]} (38... Nb1 $16 39. Rc1 Nd2) 39. Rb2 $1 $18 Nd4 40. b5 Ra3 41. Ne1 ({Not} 41. Nc5 Ra5 $11) 41... Kg6 42. b6 {[%emt 0:00:12] Dodges Ra7} Nc6 43. b7 Nb8 44. Nc2 {[%emt 0:00:45] Wards off Ra1+} Rc3 45. Kf2 Kf7 46. Ne3 h5 47. h4 Ke6 (47... Rd3 {was necessary.} 48. Rc2 Rd7) 48. Nd5 Rc6 49. g4 hxg4 50. fxg4 Kd6 (50... Rc4 $142 51. Kf3 Rc1) 51. h5 Rc4 52. Kf3 {[%emt 0:00:17] Rb6+ is the strong threat.} Ra4 53. Rb3 {[%emt 0:00:38] Repels Ra3} Kc6 {[%emt 0:00:30] [#]} 54. g5 $1 fxg5 55. Rb6+ Kc5 56. Rg6 Kd4 $2 (56... g4+ 57. Rxg4 (57. Kxg4 Rxe4+ 58. Kf5 Kxd5 $11) 57... Ra3+ 58. Kg2 Ra2+ 59. Kh3 Ra1 60. Rxg7 Rh1+ 61. Kg2 (61. Kg4 Rg1+ 62. Kf5 Rxg7 $11) 61... Rxh5) 57. Rxg7 {[%emt 0:00:08] White is clearly winning.} Ra3+ 58. Kg4 Kxe4 59. Nf6+ {[%emt 0:00:06] Weighted Error Value: White=0.24 (precise) /Black=0.22 (precise) .  Mistake:       	White=1     	Black=5      Inaccurate:     	White=1     	Black=3      OK:         	White=21    	Black=14     Best:        	White=4     	---        Strong:       	White=2     	---} 1-0

[Event "Satranc Arena IM Series-1 2024"]
[Site "Izmir"]
[Date "2024.03.18"]
[Round "2.3"]
[White "Ozsakallioglu, Okan"]
[Black "Gunduz, Umut Erdem"]
[Result "1-0"]
[ECO "B31"]
[WhiteElo "2365"]
[BlackElo "2314"]
[Annotator "TA"]
[PlyCount "87"]
[EventDate "2024.03.18"]
[EventCountry "TUR"]
[SourceTitle "playchess.com"]
[Source "ChessBase"]
[SourceQuality "1"]
[TimeControl "5400+30"]

1. e4 c5 2. Nf3 Nc6 3. Bb5 g6 4. Bxc6 dxc6 5. d3 Qc7 6. h3 e5 7. Be3 Nf6 8. Qd2 {[%emt 0:03:01] The position is equal.} Be7 9. a4 a5 10. Na3 Nd7 11. O-O O-O 12. Nh2 {[%emt 0:05:50][%cal Bf3h2,Bh2g4,Bg4e5][%mdl 32] White has more active pieces.} Re8 13. f4 exf4 14. Bxf4 Ne5 15. b3 Be6 16. Nc4 Bxc4 17. Ng4 $1 (17. dxc4 $6 Rad8 18. Qc3 Bd6 $11) 17... f6 18. bxc4 Rf8 19. Bxe5 (19. Rab1 $142) 19... fxe5 $16 20. Qc3 Bg5 21. Qxe5 (21. g3 $14) 21... Qxe5 $11 22. Nxe5 Bf6 {[%emt 0:06:47] [#] White now steadily converts the win.} (22... Be3+ $1 $11 {keeps the balance.} 23. Kh1 Bd4) 23. Rxf6 $1 $16 Rxf6 {[%emt 0:00:02][%mdl 4096] Endgame. KRR-KRN} 24. Rb1 Re8 25. Nd7 Rf7 26. Nxc5 Ree7 27. d4 Kg7 28. e5 Rf4 (28... h5 {might work better.} 29. c3 Kf8) 29. c3 $18 ({Stronger than} 29. Nxb7 Rxd4 30. Nxa5 Re6 $17) (29. Rxb7 Rxb7 30. Nxb7 (30. Ne6+ $2 Kg8 $19) 30... Rxd4 31. Nxa5 Rd2 $19) 29... Rff7 30. e6 Rf5 31. Rxb7 ({Weaker is} 31. Nxb7 Rxe6 32. c5 Rf8 $11) 31... Rxb7 (31... Kf6) 32. Nxb7 {[%emt 0:00:07] Hoping for Nd6. KR-KN} Kf6 {[%emt 0:00:06] [#]} 33. Nd8 Ke7 34. Nxc6+ Kxe6 35. c5 Rf4 (35... Kd7 {keeps fighting.} 36. Nxa5 Rf4) 36. c4 Kd7 37. d5 (37. Nxa5 Rxd4 38. Kf2 Rd2+ 39. Kg3 Kc7 $19 (39... Ra2 $2 40. Nb7 $19)) 37... Kc7 38. Nxa5 Rd4 39. c6 Rd1+ 40. Kf2 Ra1 41. c5 Rxa4 42. d6+ Kc8 43. d7+ Kc7 44. Nb7 {[%emt 0:00:04] Weighted Error Value: White=0.08 (flawless) /Black=0.44.  Mistake:       	White=2     	Black=4      Inaccurate:     	---       	Black=4      OK:         	White=14    	Black=12     Best:        	White=3     	Black=2      Strong:       	White=1     	---        Brilliant:      	White=1     	---} 1-0

[Event "Satranc Arena IM Series-1 2024"]
[Site "Izmir"]
[Date "2024.03.18"]
[Round "2.4"]
[White "Yermolinsky, Alex"]
[Black "Yalcinkaya, Efe"]
[Result "1/2-1/2"]
[ECO "A57"]
[WhiteElo "2421"]
[BlackElo "2085"]
[Annotator "TA"]
[PlyCount "103"]
[EventDate "2024.03.18"]
[EventCountry "TUR"]
[SourceTitle "playchess.com"]
[Source "ChessBase"]
[SourceQuality "1"]
[TimeControl "5400+30"]

1. d4 Nf6 2. c4 c5 3. d5 b5 4. Nf3 bxc4 5. Nc3 d6 6. e4 Nbd7 7. Bxc4 g6 8. O-O Bg7 9. h3 O-O 10. Re1 Rb8 11. Qc2 {[%emt 0:03:42] Weiß steht etwas besser.} Nh5 12. Be2 Qb6 13. Na4 Qc7 14. Be3 Nhf6 (14... Ne5 $11 {bleibt in der Remisbreite.}) 15. Rad1 Nb6 16. Nc3 Nfd7 17. Bf4 Na8 18. b3 Qb6 19. Bc4 f6 20. Be3 {[%emt 0:03:39] Weiß hat aktiveres Spiel. Schwarz ist schwach auf den weissen Feldern} Ba6 21. Nd2 Ne5 22. Ne2 Nc7 23. f4 Nxc4 24. Nxc4 Bxc4 25. Qxc4 Qa5 26. Qc2 f5 27. Bd2 Qa6 {[%emt 0:01:00] [#]} (27... Qb6 $14) 28. Bc3 ({Weiss kommt nicht vorbei an} 28. exf5 $1 $16 Rxf5 29. Ng3) 28... fxe4 $11 29. Qxe4 Rf7 30. Bxg7 Kxg7 {[%emt 0:00:11] [#]} 31. f5 $1 Rxf5 (31... Qxa2 32. fxg6) 32. Qxe7+ Rf7 33. Qe3 Qxa2 34. Qc3+ Kg8 35. Qg3 Re8 $36 {[%emt 0:01:59][%mdl 2048] Schwarz steht aktiver.} 36. Nc3 ({Vorzuziehen ist} 36. Nf4 $15) 36... Rxe1+ (36... Qxb3 $19 37. Kh2 a6 38. Rxe8+ Nxe8) 37. Rxe1 $17 Qxb3 {[%emt 0:00:31] ...Nb5 ist eine echte Drohung.} 38. Rb1 Qc4 39. Rb8+ Kg7 40. Rd8 Nxd5 41. Nxd5 Qxd5 42. Rxd6 {[%emt 0:00:02][%mdl 4096] Endspiel. KQR-KQR} Qf5 43. Rc6 Qf1+ ({Besser ist} 43... Qe4 $17 44. Qc3+ Qd4+ 45. Qxd4+ cxd4) 44. Kh2 $15 Qf4 (44... Qf2 {ist interessant.} 45. Qg5 Qf5 46. Qe3 Qf4+) 45. Rxc5 Qxg3+ 46. Kxg3 {[%emt 0:00:03] KR-KR} a6 47. Ra5 Ra7 48. Kf4 Kf6 49. h4 Ke6 50. h5 Kd6 ({Günstiger ist} 50... gxh5 $15 51. Rxh5 Kd6) 51. hxg6 $11 hxg6 52. Kg5 {[%emt 0:00:29] Und Weiß wird für den zähen Widerstand belohnt.   Gewichteter Fehlerwert: Weiß=0.15 (sehr präzise) /Schwarz=0.15 (sehr präzise) .  Fehler:       	Weiß=2     	Schwarz=5     Ungenau:       	Weiß=4     	Schwarz=2     OK:         	Weiß=14    	Schwarz=15    Bester:       	Weiß=4     	Schwarz=2} 1/2-1/2

[Event "Satranc Arena IM Series-1 2024"]
[Site "Izmir"]
[Date "2024.03.18"]
[Round "2.5"]
[White "David, Alexandru-Vasile"]
[Black "Kuru, Atilla"]
[Result "1/2-1/2"]
[ECO "D12"]
[WhiteElo "2360"]
[BlackElo "2246"]
[Annotator "TA"]
[PlyCount "60"]
[EventDate "2024.03.18"]
[EventCountry "TUR"]
[SourceTitle "playchess.com"]
[Source "ChessBase"]
[SourceQuality "1"]
[TimeControl "5400+30"]

1. d4 d5 2. c4 c6 3. Nf3 Nf6 4. e3 Bf5 5. Nc3 e6 6. Be2 h6 7. Bd3 Bxd3 8. Qxd3 Bd6 9. O-O O-O 10. b3 Nbd7 11. Bb2 Re8 12. e4 dxe4 13. Nxe4 Nxe4 14. Qxe4 Nf6 15. Qc2 c5 16. Rad1 {[%emt 0:00:52] [#] dxc5 is the strong threat.} cxd4 17. Bxd4 {[%emt 0:00:57] Black must now prevent Be5.} Qc7 18. Bxf6 gxf6 19. Rd3 Rad8 20. Rfd1 {[%emt 0:02:05] Strongly threatening Qd2.} Bc5 21. g3 Kg7 22. Ne1 (22. Nd4 $5) 22... Rxd3 23. Nxd3 Rd8 (23... Bd4 {is more complex.} 24. Nf4 Rd8 25. Kg2 f5) 24. Nxc5 Rxd1+ 25. Qxd1 Qxc5 $11 {[%emt 0:00:01] KQ-KQ} 26. Qd7 {[%emt 0:02:03] The position is equal.} Qb4 27. Kg2 a6 28. h4 h5 29. Qd1 Qa5 30. Qf3 b6 {[%emt 0:01:03] An uneventful encounter.   Weighted Error Value: White=0.07 (flawless) /Black=0.06 (flawless) .  Inaccurate:     	White=1     	Black=2      OK:         	White=3     	Black=13} 1/2-1/2